 Dungeon Crawl Stone Soup version 0.27-a0-668-gb5737ff2c0 (webtiles) character file.

Game seed: 18194475012199520421

2513 wakim the Stinger (level 9, -5/49 HPs)
             Began as a Gargoyle Venom Mage on Mar 18, 2021.
             Was a Believer of Nemelex Xobeh.
             Slain by a troll (12 damage)
             ... on level 8 of the Dungeon.
             The game lasted 00:27:14 (8855 turns).

wakim the Stinger (Gargoyle Venom Mage)             Turns: 8855, Time: 00:27:15

Health: -5/49      AC: 11    Str: 12    XL:     9   Next: 53%
Magic:  3/13       EV: 12    Int: 25    God:    Nemelex Xobeh [**....]
Gold:   342        SH:  4    Dex: 10    Spells: 4/14 levels left

rFire    + + .     SeeInvis .   a - +9 staff of Olgreb {rPois∞}
rCold    + . .     Faith    .   x - +0 buckler
rNeg     + . .     Spirit   .   g - +2 robe {rC+ rF+}
rPois    ∞         Reflect  .   v - +1 hat
rElec    +         Harm     .   (no cloak)
rCorr    .         Rampage  .   (no gloves)
Will     .....                  (no boots)
Stlth    ++........             k - amulet of the acrobat
HPRegen  0.16/turn              n - +6 ring of intelligence
MPRegen  0.13/turn              j - ring of protection from fire

@: no status effects
A: AC +6, negative energy resistance 1, electricity resistance, torment
resistance 1, unbreathing 1, petrification resistance
a: Renounce Religion, Draw Escape, Draw Destruction, Draw Summoning


You were on level 8 of the Dungeon.
You worshipped Nemelex Xobeh.
Nemelex Xobeh was pleased with you.
You visited 2 branches of the dungeon, and saw 9 of its levels.

You collected 342 gold pieces.

Inventory:

Hand Weapons
 a - the +9 staff of Olgreb (weapon) {rPois∞}
   (You acquired it on level 6 of the Dungeon)

   It may poison the flesh of those it strikes, and is more effective with a
   high Evocations skill.
   It enhances your poison magic.
   It grants immunity to poison.
   It can be evoked to poison those around you for a time.
 b - a +0 hunting sling of freezing
 e - a +3 flail of protection
 t - the +11 quarterstaff "Ankiola" {vorpal, rElec Str-3 Dex+3}
   (You found it on level 6 of the Dungeon)

   It inflicts extra damage upon your enemies.
   It affects your strength (-3).
   It affects your dexterity (+3).
   It insulates you from electricity.
Missiles
 m - 4 atropa-tipped darts
 q - 5 boomerangs
 s - 48 sling bullets
 w - 24 poisoned darts
Armour
 g - a +2 robe of resistance (worn)
 v - a +1 hat (worn)
 x - a +0 buckler (worn)
Jewellery
 j - a ring of protection from fire (left hand)
 k - an amulet of the acrobat (around neck)
 n - a +6 ring of intelligence (right hand)
 o - a +6 ring of strength
 C - a +6 ring of intelligence
Wands
 d - a wand of digging (3)
 h - a wand of acid (10)
 p - a wand of paralysis (9)
Scrolls
 c - 2 scrolls of acquirement
 f - a scroll of enchant weapon
 O - a scroll of silence
 X - a scroll of magic mapping {@r4}
 Z - a scroll of identify {@r1}
Potions
 A - a potion of attraction
 B - a potion of brilliance
 H - 2 potions of haste
 J - 4 potions of curing {@q1}
 M - a potion of might
 N - a potion of heal wounds {@q2}
 T - a potion of berserk rage
 U - 4 potions of mutation


   Skills:
 + Level 2.6 Fighting
 * Level 3.4 Staves
 + Level 2.6 Dodging
 - Level 4.0 Stealth
 - Level 4.0 Shields
 - Level 3.0 Spellcasting
 - Level 3.0 Transmutations
 - Level 3.0 Fire Magic
 - Level 7.0 Poison Magic
 - Level 5.0 Invocations
 * Level 3.2 Evocations


You had 4 spell levels left.
You knew the following spells:

 Your Spells              Type           Power      Damage    Failure   Level
a - Sting                 Tmut/Pois      100%       1d8       1%          1
g - Ignite Poison         Fire/Tmut/Pois 38%        N/A       5%          3
s - Poisonous Vapours     Pois/Air       62%        N/A       3%          2
w - Olgreb's Toxic Radia  Pois           55%        N/A       5%          4

Your spell library contained the following spells:

 Spells                   Type           Power      Damage    Failure   Level
 Passwall                 Tmut/Erth      9%         N/A       9%          2
 Magic Dart               Conj           12%        1d3       10%         1
 Sandblast                Erth           6%         2d5       10%         1
 Mephitic Cloud           Conj/Pois/Air  23%        N/A       12%         3
 Blink                    Tloc           N/A        N/A       16%         2
 Call Imp                 Summ           3%         N/A       16%         2
 Slow                     Hex            3%         N/A       16%         2
 Conjure Flame            Conj/Fire      11%        6-21      16%         3
 Confusing Touch          Hex            3%         N/A       30%         3
 Gell's Gravitas          Tloc           1%         N/A       30%         3
 Stone Arrow              Conj/Erth      6%         3d7       30%         3
 Petrify                  Tmut/Erth      11%        N/A       47%         4
 Yara's Violent Unravell  Hex/Tmut       5%         3d4       83%         5
 Lee's Rapid Deconstruct  Erth           1%         3d5*      95%         5
 Metabolic Englaciation   Hex/Ice        1%         N/A       95%         5


Dungeon Overview and Level Annotations

Branches:
Dungeon (8/15)             Temple (1/1) D:4
   Lair: D:8-11

Altars:
Ashenzari
Dithmenos
Elyvilon
Fedhas
Gozag
Hepliaklqana
Kikubaaqudgha
Makhleb
Nemelex Xobeh
Okawaru
Qazlal
Ru
Sif Muna
Trog
Uskayaw
Vehumet
Wu Jian
Xom
Yredelemnul
Zin
The Shining One

Shops:
D:6 =(*

Annotations:
D:3 Grinder
D:8 Maurice


Innate Abilities, Weirdness & Mutations

Your stone body is resilient. (AC +6)
You are immune to poison.
You resist negative energy. (rN+)
You are resistant to electric shocks. (rElec)
You are resistant to unholy torment.
You can survive without breathing.
You are immune to petrification.


Message History

You kill the electric eel!
You hear a splash.
Casting: Ignite Poison (dangerous; 5% risk of failure)
Confirm with . or Enter, or press ? or * to list all spells.
Okay, then.
You feel a surge of power!
Poisonous vapours surround the troll!
The troll is engulfed in poison gas.
The troll looks even sicker.
Casting: Poisonous Vapours (safe; 3% risk of failure)
Confirm with . or Enter, or press ? or * to list all spells.
You feel a surge of power!
You miscast Ignite Poison.
You are very lightly contaminated with residual magic.
Nothing appears to happen.
Casting: Ignite Poison (dangerous; 5% risk of failure)
Confirm with . or Enter, or press ? or * to list all spells.
Okay, then.
Your magical contamination has completely faded away.
You barely miss the troll.
The troll is moderately wounded.
The troll claws you. x2
The troll looks more healthy.
A wolf comes into view.
You hit the wolf.
The wolf is lightly wounded.
The wolf bites you!
* * * LOW HITPOINT WARNING * * *
The troll bites you!
* * * LOW HITPOINT WARNING * * *
The troll claws you.
* * * LOW HITPOINT WARNING * * *
As you read the scroll labelled KUBIEHUYGG, it crumbles to dust.
It is a scroll of amnesia.
Really abort (and waste the scroll)?
Okay, then.
Okay, then.
Okay, then.
You draw a card...
You have drawn Velocity.
The wolf seems to slow down.
The deck of cards glows with a rainbow of weird colours and disappears.
The troll bites you!
You die...
Your body disappears without a glow.

...≈≈≈≈.≈≈≈≈†...#
..≈.≈≈≈@≈.≈≈)))T#######
.!≈≈≈≈≈.≈.≈≈..).......#
.....≈≈...≈....####.#.#
......)........#....# #
.......†...[...#.####
#####.#####†...#.# ..
#....#.###.# ##
#.##[#.h@T.# #.
#.#.#####.#
#.#)).......#
#..<#.####### #####.#
###


You could see a troll and a wolf (slow).

Vanquished Creatures
  Sigmund (D:2)
  2 orc warriors
  An ice beast (D:7)
  A sky beast (D:5)
  3 ogres
  A necrophage (D:7)
  A wolf (D:8)
  A centaur (D:5)
  Blork the orc (D:4)
  A bullfrog (D:7)
  A scorpion (D:4)
  4 electric eels (D:8)
  3 howler monkeys (D:8)
  11 hounds
  A centaur skeleton (D:7)
  A gnoll shaman (D:8)
  A jelly (D:5)
  Jessica (D:2)
  2 iguanas
  3 orc wizards
  7 worker ants
  3 hound skeletons
  4 gnolls (D:8)
  10 adders
  A white imp (D:7)
  An ufetubus (D:5)
  3 oozes
  2 adder skeletons (D:5)
  4 worms
  3 dart slugs
  20 orcs
  3 giant cockroaches
  3 goblins
  9 hobgoblins
  2 jackals (D:1)
  2 quokkas (D:7)
  2 ball pythons
  12 bats
  6 frilled lizards
  A jackal skeleton (D:7)
  5 kobolds
  2 leopard gecko skeletons (D:5)
  A quokka zombie (D:7)
  3 rats
150 creatures vanquished.

Notes
Turn   | Place    | Note
-------+----------+-------------------------------------------
     0 | D:1      | wakim the Gargoyle Venom Mage began the quest for the Orb.
     0 | D:1      | Reached XP level 1. HP: 10/10 MP: 3/3
   391 | D:1      | Reached XP level 2. HP: 15/15 MP: 5/5
   461 | D:1      | Learned a level 2 spell: Poisonous Vapours
  1242 | D:2      | Reached XP level 3. HP: 19/19 MP: 0/6
  1468 | D:2      | Noticed Jessica
  1493 | D:2      | Killed Jessica
  1494 | D:2      | Reached XP level 4. HP: 24/24 MP: 2/7
  1710 | D:2      | Reached skill level 4 in Poison Magic
  2234 | D:2      | Noticed Sigmund
  2373 | D:2      | Killed Sigmund
  2374 | D:2      | Reached skill level 6 in Poison Magic
  2374 | D:2      | Reached XP level 5. HP: 18/28 MP: 0/8
  2374 | D:2      | Reached XP level 6. HP: 20/32 MP: 0/9
  2547 | D:2      | Learned a level 4 spell: Olgreb's Toxic Radiance
  2811 | D:3      | Reached skill level 1 in Transmutations
  3198 | D:3      | Found an ornate altar of the Wu Jian Council.
  3433 | D:3      | Found a broken altar of Ashenzari.
  3606 | D:3      | Found an iron altar of Okawaru.
  3766 | D:3      | Noticed Grinder
  3986 | D:4      | Reached skill level 1 in Shields
  4046 | D:4      | Found a staircase to the Ecumenical Temple.
  4052 | Temple   | Entered the Ecumenical Temple
  4122 | Temple   | Became a worshipper of Nemelex Xobeh the Trickster
  4225 | D:4      | Reached XP level 7. HP: 36/36 MP: 5/10
  4755 | D:4      | Found a shadowy altar of Dithmenos.
  4849 | D:4      | Noticed Blork the orc
  4861 | D:4      | Killed Blork the orc
  4952 | D:4      | Learned a level 3 spell: Ignite Poison
  5094 | D:4      | Found a shimmering blue altar of Sif Muna.
  5154 | D:4      | Found a stormy altar of Qazlal.
  5154 | D:4      | Found a white marble altar of Elyvilon.
  5213 | D:5      | Entered Level 5 of the Dungeon
  5244 | D:5      | Reached skill level 7 in Poison Magic
  5418 | D:5      | Reached skill level 1 in Invocations
  5535 | D:5      | Reached XP level 8. HP: 41/41 MP: 12/12
  5723 | D:5      | Reached * piety under Nemelex Xobeh
  5747 | D:5      | Reached skill level 1 in Fire Magic
  6275 | D:6      | Received a gift from Nemelex Xobeh
  6276 | D:6      | Found an ancient bone altar of Kikubaaqudgha.
  6321 | D:6      | Found Ekhed's General Store.
  6352 | D:6      | Found Cozxuat's Antique Weapon Shop.
  6516 | D:6      | Identified 3 scrolls of acquirement
  6516 | D:6      | Acquired the +9 staff of Olgreb {rPois∞}
  6517 | D:6      | Found the +9 staff of Olgreb {rPois∞}
  6548 | D:6      | Identified the +6 whip of a bailey {freeze, rElec rC+ Str-5
                  | Int+3}
  6687 | D:6      | Found Taluc's Jewellery Shop.
  6793 | D:6      | Reached ** piety under Nemelex Xobeh
  6803 | D:6      | Identified the +11 quarterstaff "Ankiola" {vorpal, rElec
                  | Str-3 Dex+3}
  7463 | D:7      | Found an opulent altar of Gozag.
  7574 | D:7      | Found a shimmering altar of Xom.
  7578 | D:7      | Found a hide-covered altar of Uskayaw.
  7580 | D:7      | Found a radiant altar of Vehumet.
  7782 | D:7      | Reached skill level 5 in Invocations
  7936 | D:7      | Reached skill level 1 in Staves
  7990 | D:7      | Reached skill level 1 in Fighting
  7990 | D:7      | Reached skill level 1 in Evocations
  7990 | D:7      | Reached XP level 9. HP: 40/47 MP: 13/13
  8752 | D:8      | Noticed Maurice
  8837 | D:8      | Noticed a troll
  8855 | D:8      | Slain by a troll

Illustrated notes

Levels and vault maps discovered:
D:1:      dpeg_arrival_rooms_b, layout_basic, dk_noncrumbling_2, minmay_vboxes
D:2:      layout_basic, uniq_sigmund, uniq_jessica
D:3:      layout_loops_cross, nicolae_wu_jian_wuxing_cycle, old_standard_altar,
          okawaru_altar_gauntlet_db, uniq_grinder
D:4:      layout_loops_cross, kennysheep_little_box, tgw_sif,
          gammafunk_temple_overflow_elements, minmay_temple_entry_ruins,
          uniq_blork_the_orc
D:5:      layout_rooms, kennysheep_donut, hangedman_abyss_or_decor_lesser_grid
D:6:      layout_gridville, basic_altar, serial_shops,
          nicolae_shop_behind_doors, shop_statue, shop
D:7:      layout_basic, grunt_temple_overflow_open
D:8:      layout_basic, erik_lair_island, kennysheep_just_a_vault, uniq_maurice,
          uniq_harold, uniq_pikel
Temple:   jpeg_temple_island

Skill      XL: |  1  2  3  4  5  6  7  8  9 |
---------------+----------------------------+-----
Stealth        | 3 4 |  4.0
Poison Magic   | 6 7 |  7.0
Transmutations | 1 3 |  3.0
Shields        | 1 4 |  4.0
Spellcasting   | 3 |  3.0
Invocations    | 1 5 |  5.0
Fire Magic     | 3 |  3.0
Staves         | 1 3 |  3.4
Fighting       | 1 2 |  2.6
Evocations     | 1 3 |  3.2
Dodging        | 2 |  2.6

Action                   |  1- 3 |  4- 6 |  7- 9 || total
-------------------------+-------+-------+-------++-------
Melee: Mace              |    11 |    10 |       ||    21
       Flail             |       |    29 |    36 ||    65
       Staff             |       |       |    84 ||    84
 Fire: Hunting sling     |       |       |     2 ||     2
 Cast: Sting             |     8 |     3 |       ||    11
       Poisonous Vapours |    16 |    39 |    36 ||    91
       Olgreb's Toxic Ra |       |     6 |    14 ||    20
       Ignite Poison     |       |       |    14 ||    14
Invok: Draw Destruction  |       |       |     6 ||     6
       Draw Escape       |       |       |     1 ||     1
Evoke: Staff of Olgreb   |       |       |     3 ||     3
  Use: Scroll            |       |       |    21 ||    21
 Stab: Sleeping          |       |     1 |     1 ||     2
Armor: Robe              |    12 |    24 |    66 ||   102
Dodge: Dodged            |    15 |    27 |   119 ||   161
Block: Buckler           |       |     2 |    27 ||    29

Table legend: (Time is in decaauts)
 A = Elapsed time spent in this place.
 B = Non-inter-level travel time spent in this place.
 C = Inter-level travel time spent in this place.
 D = Time resting spent in this place.
 E = Time spent auto-exploring this place.
 F = Levels seen in this place.
 G = Mean time per level.
                   A        B        C        D        E       F      G
               +--------+--------+--------+--------+--------+-----+--------+
         Total |   8903 |   8487 |    416 |     21 |   7026 |   9 |  989.2 |
       Dungeon |   8800 |   8415 |    385 |     21 |   6995 |   8 | 1100.0 |
        Temple |    102 |     71 |     31 |      0 |     31 |   1 |  102.0 |
               +--------+--------+--------+--------+--------+-----+--------+

Top non-repeatable levels by time:
     D:2: 1637 daAuts
     D:4: 1289 daAuts
     D:3: 1245 daAuts
     D:7: 1216 daAuts
     D:1: 1019 daAuts
     D:5: 1013 daAuts
     D:6: 965 daAuts
     D:8: 413 daAuts
  Temple: 102 daAuts
